[Event "Team 45 45 League T38"]
[Site "Internet Chess Club"]
[Date "2008.08.10"]
[Round "3"]
[White "up-pup"]
[Black "Despair"]
[Result "1-0"]
[WhiteElo "1815"]
[BlackElo "1906"]
[Opening "Alekhine's defense: four pawns attack, fianchetto variation"]
[ECO "B02"]
[Time "09:01:13"]
[TimeControl "2700+45"]

1. e4 Nf6 2. e5 Nd5 3. c4 Nb6 4. d4 d6 5. f4 g6 6. Nf3 dxe5 7. fxe5 Bg4 8. Be3
Nc6 9. Nc3 Bg7 10. Qd2 Bxf3 11. gxf3 O-O 12. f4 e6 13. O-O-O Qh4 14. Bf2 Qe7 15.
c5 Nd5 16. Nxd5 exd5 17. h4 a5 18. h5 a4 19. f5 a3 20. f6 Bxf6 21. exf6 axb2+
22. Kxb2 Qxf6 23. Bb5 Nb4 24. Qxb4 Qxf2+ 25. Qd2 Qf6 26. Qh6 Qf3 27. Bd3 Qg2+
28. Qd2 Qg4 29. Qf2 b6 30. c6 Ra4 31. Bc2 Rc4 32. hxg6 fxg6 33. Qh2 Rf7 34. Bxg6
Qxg6 35. Rdg1 Rxc6 36. Rxg6+ Rxg6 37. Rg1 c5 38. Rxg6+ hxg6 39. Qb8+ Kh7 40.
Qxb6 Rf2+ 41. Kb1 Rf1+ 42. Kc2 Rf2+ 43. Kb3 Rf3+ 44. Ka4 cxd4 45. Qxd4 Rf5 46.
Kb5 g5 47. a4 Kg6 48. a5 Rf4 49. Qxd5 g4 50. a6 g3 51. Qg8+ {Black resigns} 1-0

[Event "Team 45 45 League T38"]
[Site "Internet Chess Club"]
[Date "2008.08.11"]
[Round "3"]
[White "pelayo"]
[Black "ghostfire"]
[Result "0-1"]
[WhiteElo "1665"]
[BlackElo "1823"]
[Opening "Réti opening"]
[ECO "A30"]
[Time "22:05:17"]
[TimeControl "2700+45"]

1. Nf3 c5 2. c4 Nc6 3. b3 Nf6 4. Bb2 d6 5. g3 g6 6. Bg2 Bg7 7. d3 O-O 8. Nbd2
Rb8 9. O-O Bd7 10. a3 b5 11. Qc2 bxc4 12. Nxc4 Na5 13. b4 Nxc4 14. Qxc4 Qb6 15.
Bc3 Be6 16. Qf4 Nd5 17. bxc5 Nxf4 18. cxb6 Nxe2+ 19. Kh1 Nxc3 20. bxa7 Ra8 21.
Ng5 Rxa7 22. Rae1 Bd5 23. Ne4 Nxe4 24. Bxe4 Bxe4+ 25. Rxe4 Rxa3 26. Rxe7 Rxd3
27. Rd7 Re8 28. Kg2 d5 29. Rc1 d4 30. Rcc7 Rf8 31. Kf1 Rc3 32. Ke2 Rxc7 33. Rxc7
Rd8 34. Kd3 Kf8 35. f4 Re8 36. Rd7 Re1 37. Rd8+ Ke7 38. Rh8 Bxh8 {White resigns}
0-1

[Event "Team 45 45 League T38"]
[Site "Internet Chess Club"]
[Date "2008.08.10"]
[Round "3"]
[White "Frankly"]
[Black "BigH"]
[Result "0-1"]
[WhiteElo "1783"]
[BlackElo "1756"]
[Opening "Benoni: four pawns attack"]
[ECO "A68"]
[Time "10:11:39"]
[TimeControl "2700+45"]

1. d4 Nf6 2. c4 c5 3. d5 e6 4. Nc3 exd5 5. cxd5 d6 6. e4 g6 7. f4 Bg7 8. Nf3 O-O
9. Be2 Na6 10. a3 Re8 11. Qc2 Nc7 12. O-O a6 13. a4 Bd7 14. Bd3 b5 15. axb5 axb5
16. Rxa8 Qxa8 17. b3 b4 18. Ne2 Bb5 19. Bxb5 Nxb5 20. Ng3 Nc3 21. Re1 Re7 22. f5
Qe8 23. Bg5 Ncxe4 24. fxg6 hxg6 25. Nxe4 Rxe4 26. Rxe4 Nxe4 27. Bc1 Nc3 28. Qd2
Qe2 29. h3 Qxd2 30. Bxd2 Nxd5 31. Kf2 Nc3 32. Ke3 Bh6+ 33. Kd3 Bxd2 34. Nxd2 Kf8
35. Kc4 Ke7 36. Nf3 Kf6 37. g4 Ne2 38. Kd5 Ke7 39. h4 Ng3 40. Ng5 f5 41. gxf5
Nxf5 42. Nf3 Kd7 43. Kc4 Kc6 44. Ng5 Nxh4 45. Ne6 Nf5 46. Nd8+ Kd7 47. Nf7 Ke7
48. Ng5 Kf6 49. Ne4+ Ke5 50. Ng5 Kf4 51. Ne6+ Kg4 52. Nxc5 Ne3+ 53. Kxb4 dxc5+
54. Kxc5 Nc2 55. Kc4 Kf3 56. Kc3 g5 57. Kxc2 g4 {White resigns} 0-1

[Event "Team 45 45 League T38"]
[Site "Internet Chess Club"]
[Date "2008.08.08"]
[Round "3"]
[White "quotha"]
[Black "rubo"]
[Result "1-0"]
[WhiteElo "1644"]
[BlackElo "1693"]
[Opening "King's Indian, 3.Nf3"]
[ECO "E60"]
[Time "14:59:28"]
[TimeControl "2700+45"]

1. Nf3 Nf6 2. d4 g6 3. c4 c5 4. Bg5 Bg7 5. e3 O-O 6. Nc3 cxd4 7. exd4 d5 8. Bxf6
exf6 9. Nxd5 Re8+ 10. Be2 Nc6 11. O-O Bg4 12. Ne3 Bxf3 13. Bxf3 Nxd4 14. Bxb7
Rb8 15. Bd5 f5 16. b3 f4 17. Ng4 h5 18. Nh6+ Bxh6 19. Qxd4 Bg7 20. Qxf4 Qf6 21.
Qxf6 Bxf6 22. Rae1 a5 23. g3 Bc3 24. Re3 Bd4 25. Rf3 Re7 26. Rd1 Bc5 27. Rd2 Kg7
28. h4 f5 29. Kg2 Re1 30. Rfd3 Bb4 31. Rc2 Bc5 32. Bf3 Rbe8 33. Rd5 Bb4 34. c5
Ra1 35. c6 Ree1 36. Rd7+ Kf6 37. Be2 Rac1 38. Rxc1 Rxc1 39. Bc4 Rc2 40. c7 Bc5
41. Rf7+ Ke5 42. Re7+ Kd6 43. c8=Q Rxf2+ 44. Kh3 {Black resigns} 1-0

[Event "Team 45 45 League T38"]
[Site "Internet Chess Club"]
[Date "2008.08.11"]
[Round "3"]
[White "alastorx"]
[Black "MiroslavR"]
[Result "0-1"]
[WhiteElo "1832"]
[BlackElo "1922"]
[Opening "Richter-Veresov attack"]
[ECO "D01"]
[Time "11:08:14"]
[TimeControl "2700+45"]

1. d4 Nf6 2. Nc3 d5 3. Bg5 Nbd7 4. f3 c6 5. Qd2 h6 6. Bxf6 Nxf6 7. e4 dxe4 8.
fxe4 e5 9. dxe5 Qxd2+ 10. Kxd2 Nd7 11. Nf3 g5 12. h3 Bg7 13. Rd1 Nxe5 14. Ke3
Nxf3 15. gxf3 Be6 16. a3 Ke7 17. h4 Rad8 18. Bd3 c5 19. hxg5 hxg5 20. Rxh8 Rxh8
21. Nd5+ Bxd5 22. exd5 Bxb2 23. Rb1 Bd4+ 24. Ke4 Kf6 25. Bc4 Re8+ 26. Kd3 b6 27.
Rh1 Kg6 28. a4 f5 29. a5 bxa5 30. Rb1 Re3+ 31. Kd2 Re7 32. c3 Be5 33. Rb5 Bf4+
34. Kc2 g4 35. Rxc5 g3 36. Bf1 Re1 37. Bh3 Rh1 38. Bxf5+ Kxf5 39. d6+ Ke6 {White
resigns} 0-1

[Event "Team 45 45 League T38"]
[Site "Internet Chess Club"]
[Date "2008.08.11"]
[Round "3"]
[White "Bega"]
[Black "Egmont"]
[Result "1/2-1/2"]
[WhiteElo "1793"]
[BlackElo "1740"]
[Opening "Sicilian: Alapin's variation (2.c3)"]
[ECO "B22"]
[Time "13:59:10"]
[TimeControl "2700+45"]

1. e4 c5 2. c3 d5 3. exd5 Qxd5 4. d4 Nf6 5. Nf3 Bg4 6. Be2 e6 7. O-O Nc6 8. Be3
cxd4 9. Nxd4 Bxe2 10. Qxe2 Be7 11. Nd2 a6 12. N2f3 O-O 13. c4 Nxd4 14. Nxd4 Qe4
15. Rad1 Rfd8 16. b3 Bd6 17. Qf3 Qh4 18. g3 Qe4 19. Bg5 Qxf3 20. Nxf3 Be7 21.
Be3 b5 22. Ne5 Rxd1 23. Rxd1 bxc4 24. Nxc4 Nd5 25. Bc1 Kf8 26. Bb2 a5 27. a3 Bd8
28. Bd4 Be7 29. Bb2 Bd8 30. Be5 Be7 31. Bb2 {Game drawn by repetition} 1/2-1/2

[Event "Team 45 45 League T38"]
[Site "Internet Chess Club"]
[Date "2008.08.11"]
[Round "3"]
[White "sean98"]
[Black "BrerRabbit"]
[Result "1-0"]
[WhiteElo "1689"]
[BlackElo "1564"]
[Opening "French: Steinitz variation"]
[ECO "C11"]
[Time "16:03:17"]
[TimeControl "2700+45"]

1. e4 e6 2. d4 d5 3. Nc3 Nf6 4. e5 Nfd7 5. Nce2 c5 6. c3 Nc6 7. f4 Qb6 8. Nf3 f6
9. a3 Be7 10. h4 O-O 11. Rh3 Na5 12. Rb1 Nb3 13. Be3 c4 14. h5 Nb8 15. Kf2 Nc6
16. Kg1 Bd7 17. Rg3 Kh8 18. Qe1 Rf7 19. Kh1 Rg8 20. Rh3 Rff8 21. Nh4 Be8 22. Nf3
Nd8 23. g4 Nf7 24. Nh4 Nh6 25. Qg3 Qd8 26. Nf3 b5 27. Qg2 a5 28. Rg3 b4 29. axb4
axb4 30. Qh3 Qa5 31. Nh4 Qa2 32. Re1 Qxb2 33. g5 Nf5 34. Nxf5 exf5 35. Qxf5 bxc3
36. Bc1 Nxc1 37. Rxc1 Bxh5 38. Rh3 Bg6 39. Rxh7+ Bxh7 40. g6 Rb8 41. Qh5 Qd2 42.
Qxh7# {Black checkmated} 1-0

[Event "Team 45 45 League T38"]
[Site "Internet Chess Club"]
[Date "2008.08.10"]
[Round "3"]
[White "XelNaga"]
[Black "Zkid"]
[Result "1-0"]
[WhiteElo "2265"]
[BlackElo "2141"]
[Opening "Dutch with c4 & Nc3"]
[ECO "A87"]
[Time "12:00:13"]
[TimeControl "2700+45"]

1. d4 f5 2. c4 Nf6 3. Nc3 g6 4. g3 Bg7 5. Bg2 O-O 6. Nf3 d6 7. O-O Qe8 8. b3 Na6
9. Ba3 c6 10. Qd3 Nc7 11. Rfd1 Be6 12. Rac1 Rc8 13. Ng5 Qd7 14. d5 cxd5 15. cxd5
Bf7 16. Nxf7 Kxf7 17. e4 fxe4 18. Nxe4 Nxe4 19. Qxe4 Nb5 20. Rxc8 Rxc8 21. Qh4
{Black resigns} 1-0

[Event "Team 45 45 League T38"]
[Site "Internet Chess Club"]
[Date "2008.08.09"]
[Round "3"]
[White "cocio"]
[Black "frothyjowels"]
[Result "1/2-1/2"]
[WhiteElo "2152"]
[BlackElo "2243"]
[Opening "French: advance, Milner-Barry gambit"]
[ECO "C02"]
[Time "16:00:08"]
[TimeControl "2700+45"]

1. e4 e6 2. d4 d5 3. e5 c5 4. c3 Nc6 5. Nf3 Qb6 6. Bd3 cxd4 7. cxd4 Bd7 8. O-O
Nxd4 9. Nxd4 Qxd4 10. Qe2 Ne7 11. Kh1 Nc6 12. f4 Qb6 13. Nc3 Nd4 14. Qf2 Bc5 15.
Qg3 g6 16. Rb1 a5 17. Bd2 a4 18. Qe1 Qa7 19. Be3 Bc6 20. Rc1 Nb3 21. Nb5 Bxb5
22. Bxb5+ Kf8 23. axb3 Bxe3 24. Ra1 Qa5 25. bxa4 Qxe1 26. Raxe1 d4 27. b3 Ke7
28. g3 Rhc8 29. Bc4 Rc5 30. Kg2 Rac8 31. Kf3 Kd7 32. Ke4 Ke7 33. Rb1 {Game drawn
by mutual agreement} 1/2-1/2

[Event "Team 45 45 League T38"]
[Site "Internet Chess Club"]
[Date "2008.08.10"]
[Round "3"]
[White "cappelo-upgrate"]
[Black "syy89"]
[Result "1-0"]
[WhiteElo "2219"]
[BlackElo "2107"]
[Opening "King's Indian: Kramer system"]
[ECO "E70"]
[Time "15:01:20"]
[TimeControl "2700+45"]

1. d4 Nf6 2. c4 g6 3. Nc3 Bg7 4. e4 d6 5. Nge2 c6 6. Ng3 a6 7. Be2 b5 8. O-O
Nbd7 9. h4 h5 10. Bg5 Nh7 11. Bf4 e5 12. Be3 Qxh4 13. d5 c5 14. cxb5 O-O 15. a4
Nhf6 16. a5 axb5 17. Nxb5 Ba6 18. Nxd6 Ng4 19. Bxg4 hxg4 20. Re1 Qf6 21. Ngf5
Rfb8 22. Qxg4 Bf8 23. Bg5 gxf5 24. Nxf5 Qg6 25. Re3 f6 26. Nh4 Qxg5 27. Qe6+ Kh8
28. Qxd7 Bc8 29. Qf7 Bg7 30. Rg3 Bg4 31. Nf5 Rg8 32. f3 Raf8 33. Qa7 Ra8 34. Qc7
Rgc8 35. Qxg7+ Qxg7 36. Nxg7 {Black resigns} 1-0

[Event "Team 45 45 League T38"]
[Site "Internet Chess Club"]
[Date "2008.08.10"]
[Round "3"]
[White "elnik"]
[Black "PandorasBox"]
[Result "1/2-1/2"]
[WhiteElo "1992"]
[BlackElo "2098"]
[Opening "Budapest: Rubinstein variation"]
[ECO "A52"]
[Time "04:01:09"]
[TimeControl "2700+45"]

1. d4 Nf6 2. c4 e5 3. dxe5 Ng4 4. Bf4 Nc6 5. Nf3 Bb4+ 6. Nbd2 Qe7 7. e3 Ngxe5 8.
Nxe5 Nxe5 9. Be2 O-O 10. O-O a5 11. a3 Bc5 12. Nb3 Bd6 13. Rc1 c6 14. c5 Bc7 15.
Nd4 d5 16. cxd6 Bxd6 17. Qc2 Bd7 18. Nf5 Bxf5 19. Qxf5 g6 20. Qc2 Rfe8 {Game
drawn by mutual agreement} 1/2-1/2

[Event "Team 45 45 League T38"]
[Site "Internet Chess Club"]
[Date "2008.08.15"]
[Round "3"]
[White "Capamuerte"]
[Black "f5"]
[Result "1-0"]
[WhiteElo "2262"]
[BlackElo "2182"]
[Opening "Dutch defense"]
[ECO "A84"]
[Time "23:07:38"]
[TimeControl "2700+45"]

1. c4 f5 2. d4 Nf6 3. Nf3 g6 4. Nc3 Bg7 5. c5 d6 6. Bf4 c6 7. cxd6 exd6 8. e3
O-O 9. Be2 Kh8 10. O-O Be6 11. h3 Qe7 12. b4 Nd5 13. Nxd5 Bxd5 14. a4 a6 15. Qc2
Nd7 16. Rfc1 Rac8 17. b5 axb5 18. axb5 c5 19. Ra5 Qd8 20. Qd2 Nf6 21. Qe1 b6 22.
Ra7 Rc7 23. Ra6 Rd7 24. dxc5 Bxf3 25. Bxf3 dxc5 26. Be5 Re8 27. Bxf6 Bxf6 28.
Bc6 f4 29. Bxd7 Qxd7 30. Rxb6 Bd4 31. e4 f3 32. Rc6 Rf8 33. R1xc5 fxg2 34. Kxg2
Qe7 35. f3 Qf7 36. Rc3 Qf4 37. Qc1 Qh4 38. Rc8 Qf2+ 39. Kh1 Bxc3 40. Qxc3+ Kg8
41. Qc4+ Kg7 42. Rc7+ Kh6 43. Qc1+ g5 44. Qc6+ {Black resigns} 1-0

[Event "Team 45 45 League T38"]
[Site "Internet Chess Club"]
[Date "2008.08.09"]
[Round "3"]
[White "palito"]
[Black "tini3blas"]
[Result "0-1"]
[WhiteElo "2118"]
[BlackElo "2160"]
[Opening "English: Neo-Catalan accepted"]
[ECO "A13"]
[Time "07:00:28"]
[TimeControl "2700+45"]

1. c4 Nf6 2. g3 e6 3. Bg2 d5 4. Nf3 dxc4 5. O-O Nbd7 6. Qc2 Be7 7. Na3 Bxa3 8.
bxa3 Nb6 9. a4 Qd5 10. a5 Qxa5 11. Bb2 O-O 12. Ne5 Nfd7 13. Nxc4 Nxc4 14. Qxc4
Qxd2 15. Bc3 Nb6 16. Qxc7 Qxe2 17. Qe7 Qd3 18. Bb4 Rd8 19. Rad1 Qxd1 20. Rxd1
Rxd1+ 21. Bf1 Bd7 22. Qg5 Nd5 23. Qg4 Rb1 {White resigns} 0-1

[Event "Team 45 45 League T38"]
[Site "Internet Chess Club"]
[Date "2008.08.08"]
[Round "3"]
[White "RedAttack"]
[Black "chiiwen"]
[Result "0-1"]
[WhiteElo "2002"]
[BlackElo "2083"]
[Opening "Sicilian: Hungarian variation"]
[ECO "B27"]
[Time "19:15:08"]
[TimeControl "2700+45"]

1. Nf3 c5 2. e4 g6 3. c3 Bg7 4. d4 cxd4 5. cxd4 d5 6. e5 Bg4 7. Be2 Nc6 8. Nc3
f6 9. O-O e6 10. exf6 Bxf6 11. Be3 Nge7 12. h3 Bxf3 13. Bxf3 O-O 14. Ne2 Nf5 15.
Nf4 Qd7 16. Bg4 Rae8 17. Bxf5 exf5 18. Qb3 Rd8 19. Rad1 Qf7 20. Rd3 Rfe8 21.
Rfd1 g5 22. Ne2 f4 23. Nxf4 gxf4 24. Bxf4 Re4 25. Bh6 Kh8 26. Be3 Qg7 27. Qc3
Rg8 28. g3 h5 29. Qc5 Qd7 30. Rc1 Be7 31. Qb5 Qxh3 32. Rcc3 Qd7 33. Rb3 Rb8 34.
Rdc3 a6 35. Qe2 Rg4 36. Bf4 Bd6 37. Bxd6 Qxd6 38. Rb6 Rg5 39. Qe3 Rg6 40. Qf3
Rh6 41. Qf7 Rh7 42. Qf3 Rf8 43. Qe3 Qe7 44. Qd2 Qg7 45. Rcb3 Nxd4 46. Rxb7 Nxb3
{White resigns} 0-1

[Event "Team 45 45 League T38"]
[Site "Internet Chess Club"]
[Date "2008.08.12"]
[Round "3"]
[White "martineden"]
[Black "alegro"]
[Result "0-1"]
[WhiteElo "2024"]
[BlackElo "2007"]
[Opening "King's Indian, 3.Nf3"]
[ECO "E60"]
[Time "11:07:19"]
[TimeControl "2700+45"]

1. d4 Nf6 2. Nf3 g6 3. c4 Bg7 4. g3 O-O 5. Bg2 c6 6. Nc3 d5 7. O-O Nbd7 8. cxd5
Nxd5 9. e4 Nxc3 10. bxc3 e5 11. d5 cxd5 12. exd5 Nb6 13. d6 Be6 14. Ng5 Bc4 15.
Re1 Qd7 16. Be3 Rfd8 17. Bxb6 axb6 18. Bd5 Bxd5 19. Qxd5 Ra5 20. Qb3 Rb5 21. Qc4
Rc5 22. Qh4 h6 23. Ne4 Rc6 24. Rad1 g5 25. Qh5 f5 26. Nxg5 hxg5 27. Qxg5 Rxd6
28. Rxd6 Qxd6 29. Qxf5 Rf8 30. Qe4 Qc6 31. Qb4 Qc5 32. Qb3+ Kh8 33. Qc2 Rf3 34.
c4 Qd4 35. Qe2 Qd3 36. Qxd3 Rxd3 37. Rb1 Rd6 38. f3 Rc6 39. Rb4 Bf8 40. Ra4 Bc5+
41. Kf1 Rd6 42. Ke2 Rd4 43. h4 Kg7 44. g4 Kg6 45. Ke1 Rd3 46. Ke2 Re3+ {White
resigns} 0-1

[Event "Team 45 45 League T38"]
[Site "Internet Chess Club"]
[Date "2008.08.12"]
[Round "3"]
[White "zenith"]
[Black "Kolibri"]
[Result "0-1"]
[WhiteElo "2204"]
[BlackElo "2127"]
[Opening "Grünfeld: exchange variation"]
[ECO "D85"]
[Time "13:24:39"]
[TimeControl "2700+45"]

1. d4 Nf6 2. c4 g6 3. Nc3 d5 4. cxd5 Nxd5 5. Bd2 Nb6 6. Nf3 Bg7 7. e3 O-O 8. Rc1
Nc6 9. Be2 e5 10. dxe5 Nxe5 11. Nxe5 Bxe5 12. h4 Be6 13. h5 Qe7 14. Nb5 c6 15.
Bc3 Bd5 16. Bxe5 Qxe5 17. Qd4 Qxd4 18. Nxd4 Bxg2 19. Rg1 Bd5 20. f4 Rae8 21. Kf2
Kh8 22. Rg3 Be4 23. Nb3 Re7 24. Nc5 Bd5 25. b3 Nc8 26. Bf3 Bxf3 27. Rxf3 Rd8 28.
hxg6 fxg6 29. Ke2 Nd6 30. Rd1 b6 31. Nd3 Ne4 32. Rc1 c5 33. Ne5 Rd2+ 34. Ke1
Rxa2 35. Rh3 Kg7 36. Rc4 Nd6 37. Rc3 Nf7 38. Nxf7 Rxf7 39. e4 Rxf4 {White
resigns} 0-1

[Event "Team 45 45 League T38"]
[Site "Internet Chess Club"]
[Date "2008.08.09"]
[Round "3"]
[White "fledermaus"]
[Black "killer21"]
[Result "1-0"]
[WhiteElo "2090"]
[BlackElo "2268"]
[Opening "King's Indian: 6.Be2"]
[ECO "E91"]
[Time "13:44:34"]
[TimeControl "2700+45"]

1. d4 Nf6 2. c4 g6 3. Nc3 Bg7 4. e4 d6 5. Nf3 O-O 6. Be2 Nc6 7. O-O Bg4 8. Be3
Bxf3 9. Bxf3 Re8 10. d5 Ne5 11. Be2 Ned7 12. f3 e5 13. Qd2 a5 14. b3 Nc5 15.
Rfb1 b6 16. Bd1 Nh5 17. g3 f5 18. Bg5 Qd7 19. a3 fxe4 20. fxe4 Nf6 21. Qe2 Qh3
22. b4 Nb7 23. Qg2 Qxg2+ 24. Kxg2 Rf8 25. Ba4 Nd8 26. Bc6 Nxc6 27. dxc6 Ng4 28.
Nd1 h6 29. h3 Nf6 30. Bxf6 Bxf6 31. Nc3 Bg5 32. Nd5 Rf7 33. Rf1 Rxf1 34. Rxf1
axb4 35. axb4 Bd8 36. Rf2 Kg7 37. Rc2 Ra4 38. Kf3 Kf7 39. g4 Ke6 40. Kg3 Ra3+
41. Rc3 Ra1 42. Rf3 Rc1 43. Rf8 Bg5 44. h4 Rxc4 45. hxg5 Rxe4 46. gxh6 Kxd5 47.
h7 Re3+ 48. Rf3 {Black resigns} 1-0

[Event "Team 45 45 League T38"]
[Site "Internet Chess Club"]
[Date "2008.08.09"]
[Round "3"]
[White "gezira"]
[Black "baumhauer"]
[Result "1-0"]
[WhiteElo "2248"]
[BlackElo "1966"]
[Opening "Ruy Lopez: Marshall counter-attack, 11...c6"]
[ECO "C89"]
[Time "11:07:01"]
[TimeControl "2700+45"]

1. e4 e5 2. Nf3 Nc6 3. Bb5 a6 4. Ba4 Nf6 5. O-O Be7 6. Re1 b5 7. Bb3 O-O 8. c3
d5 9. exd5 Nxd5 10. Nxe5 Nxe5 11. Rxe5 c6 12. d3 Bd6 13. Re1 Qc7 14. g3 Nf6 15.
Be3 Bg4 16. Qc2 Rfe8 17. Nd2 c5 18. a4 Rad8 19. axb5 axb5 20. d4 c4 21. Ba2 Bh5
22. Qf5 Qb7 23. Bg5 Bg4 24. Qc2 Bh3 25. f3 Qd5 26. Bxf6 gxf6 27. b3 Qg5 28. Ne4
Rxe4 29. Rxe4 Bxg3 30. Kh1 Qf5 31. Qe2 Bd6 32. bxc4 bxc4 33. Bxc4 Kg7 34. Rg1+
Kh6 35. Rh4+ {Black resigns} 1-0

[Event "Team 45 45 League T38"]
[Site "Internet Chess Club"]
[Date "2008.08.08"]
[Round "3"]
[White "Holzschlange"]
[Black "andreip"]
[Result "0-1"]
[WhiteElo "1910"]
[BlackElo "2116"]
[Opening "Sicilian: Sozin with ...a6 and ...b5"]
[ECO "B87"]
[Time "10:26:09"]
[TimeControl "2700+45"]

1. e4 c5 2. Nf3 d6 3. d4 cxd4 4. Nxd4 Nf6 5. Nc3 a6 6. Bc4 e6 7. Bb3 b5 8. Bg5
Be7 9. Qf3 Qc7 10. O-O-O Nbd7 11. Bxe6 Ne5 12. Bxf7+ Kxf7 13. Qg3 Bb7 14. f4
Ned7 15. Rhe1 h6 16. Bh4 Nc5 17. e5 Nfe4 18. Nxe4 Nxe4 19. e6+ Kg8 20. Qg6 Bxh4
21. Rxe4 Bxe4 22. Qxe4 Rd8 23. Qd5 Be7 24. Nc6 Re8 25. f5 Bg5+ 26. Kb1 Rc8 27.
e7+ Kh7 28. f6 Qxc6 29. Qf5+ g6 30. f7 gxf5 31. f8=N+ Rhxf8 32. exf8=N+ Rxf8
{White resigns} 0-1

[Event "Team 45 45 League T38"]
[Site "Internet Chess Club"]
[Date "2008.08.09"]
[Round "3"]
[White "CMerli"]
[Black "Guinness"]
[Result "1-0"]
[WhiteElo "2351"]
[BlackElo "2247"]
[Opening "English: four knights, 4.e3"]
[ECO "A28"]
[Time "20:09:09"]
[TimeControl "2700+45"]

1. c4 Nc6 2. Nc3 e5 3. Nf3 Nf6 4. e3 Bb4 5. Qc2 d6 6. a3 Bxc3 7. Qxc3 O-O 8. Be2
Bg4 9. d3 Re8 10. h3 Bxf3 11. Bxf3 e4 12. Be2 exd3 13. Bxd3 Ne4 14. Qc2 f5 15.
b3 Qg5 16. O-O Re6 17. Bb2 Rae8 18. Qe2 Rh6 19. f4 Qg6 20. Rf3 Re7 21. Rd1 Qe8
22. b4 Rhe6 23. c5 dxc5 24. Bc4 cxb4 25. axb4 Nxb4 26. Rd4 Nc6 27. Rxe4 fxe4 28.
Rg3 Rf7 29. f5 Re5 30. Qg4 {Black resigns} 1-0

[Event "Team 45 45 League T38"]
[Site "Internet Chess Club"]
[Date "2008.08.10"]
[Round "3"]
[White "kingcapture"]
[Black "Superjem"]
[Result "0-1"]
[WhiteElo "2255"]
[BlackElo "2279"]
[Opening "Sicilian defense"]
[ECO "B34"]
[Time "10:00:11"]
[TimeControl "2700+45"]

1. e4 c5 2. Nf3 Nc6 3. d4 cxd4 4. Nxd4 g6 5. Be3 Bg7 6. Nc3 Nf6 7. f3 O-O 8. Qd2
d5 9. O-O-O dxe4 10. Nxc6 Qxd2+ 11. Rxd2 bxc6 12. Nxe4 Nxe4 13. fxe4 Be6 14. c4
a5 15. Be2 a4 16. Rhd1 Be5 17. g3 Rfb8 18. Bf4 Bxf4 19. gxf4 Rb4 20. a3 Rb3 21.
Rd8+ Rxd8 22. Rxd8+ Kg7 23. Bd3 h5 24. Kc2 Bg4 25. c5 h4 26. Rd4 f6 27. Rxa4
Bd1+ 28. Kd2 Rxd3+ 29. Kxd3 Bxa4 30. Kc4 g5 31. fxg5 fxg5 32. Kb4 Bd1 33. a4 g4
34. a5 Be2 35. Kc3 g3 36. Kd2 Ba6 37. hxg3 h3 {White resigns} 0-1

[Event "Team 45 45 League T38"]
[Site "Internet Chess Club"]
[Date "2008.08.11"]
[Round "3"]
[White "Sleete"]
[Black "izit"]
[Result "1-0"]
[WhiteElo "2127"]
[BlackElo "2216"]
[Opening "Sicilian: Najdorf, Byrne (English) attack"]
[ECO "B90"]
[Time "16:12:50"]
[TimeControl "2700+45"]

1. e4 c5 2. Nf3 d6 3. d4 cxd4 4. Nxd4 Nf6 5. Nc3 a6 6. Be3 e5 7. Nb3 Be6 8. Qd2
Be7 9. f3 O-O 10. O-O-O Qc7 11. g4 Rc8 12. g5 Nh5 13. Nd5 Bxd5 14. exd5 a5 15.
a4 Nd7 16. Bh3 b5 17. axb5 Rcb8 18. Bg4 a4 19. Na5 a3 20. b4 Rxa5 21. bxa5 Rxb5
22. c4 Nf4 23. Qa2 Nc5 24. cxb5 Ncd3+ 25. Kb1 Qxa5 26. Qb3 Nb4 27. Bxf4 exf4 28.
Rd4 a2+ 29. Ka1 Bxg5 30. Qxb4 Qc7 31. b6 {Black resigns} 1-0

[Event "Team 45 45 League T38"]
[Site "Internet Chess Club"]
[Date "2008.08.09"]
[Round "3"]
[White "el-poeta"]
[Black "FiendAngelical"]
[Result "0-1"]
[WhiteElo "2004"]
[BlackElo "2010"]
[Opening "Sicilian: Sveshnikov variation"]
[ECO "B33"]
[Time "13:00:35"]
[TimeControl "2700+45"]

1. e4 c5 2. Nf3 Nc6 3. d4 cxd4 4. Nxd4 Nf6 5. Nc3 e5 6. Ndb5 d6 7. Bg5 a6 8. Na3
b5 9. Bxf6 gxf6 10. Nd5 f5 11. Bd3 Be6 12. Qh5 Rg8 13. g3 Rg5 14. Qxh7 Nd4 15.
c3 Nf3+ 16. Ke2 Bxd5 17. exd5 e4 18. h4 Rg6 19. Qh5 Qf6 20. g4 Rxg4 21. Bxe4 Qe5
22. Nc2 Qxe4+ 23. Ne3 Rf4 24. Rh3 Ne5 25. f3 Qd3+ {White forfeits on time} 0-1

[Event "Team 45 45 League T38"]
[Site "Internet Chess Club"]
[Date "2008.08.10"]
[Round "3"]
[White "SiNsUaT12"]
[Black "fllinc"]
[Result "0-1"]
[WhiteElo "2316"]
[BlackElo "2020"]
[Opening "French: Rubinstein variation"]
[ECO "C03"]
[Time "20:06:33"]
[TimeControl "2700+45"]

1. e4 e6 2. d4 d5 3. Nd2 dxe4 4. Nxe4 Nd7 5. Nf3 Ngf6 6. Bd3 Be7 7. O-O O-O 8.
Qe2 b6 9. Rd1 Bb7 10. c4 c5 11. Nxf6+ Bxf6 12. dxc5 Qe7 13. cxb6 axb6 14. a3
Rfd8 15. Rb1 Nc5 16. Be3 Nxd3 17. Rxd3 Be4 18. Rxd8+ Rxd8 19. Rd1 Rxd1+ 20. Qxd1
Bxb2 21. Nd2 Bf5 22. Bxb6 Qxa3 23. Nb3 h6 24. f3 Qb4 25. Bf2 Qxc4 26. g4 Bc2 27.
Qd8+ Kh7 28. Nc5 Bf6 29. Qc7 Bd1 30. Kg2 Qe2 31. Qf4 Bc2 32. Kg1 Bg5 33. Qg3 e5
34. Kh1 Bf4 35. Qg2 Bd1 36. h3 Be3 37. Ne4 Qxf3 38. Qxf3 Bxf3+ 39. Kh2 Bf4+ 40.
Ng3 e4 41. Kg1 e3 42. Be1 g6 43. Nf1 e2 44. Nd2 Be3+ 45. Kh2 Bd5 46. Kg3 f5 47.
gxf5 gxf5 48. Nf3 f4+ 49. Kg2 Kg6 50. Bc3 Kf5 51. Be1 Ke4 52. Nh4 Kd3+ 53. Kh2
Bd2 54. Bf2 e1=Q 55. Bxe1 Bxe1 56. Nf5 h5 {White resigns} 0-1

[Event "Team 45 45 League T38"]
[Site "Internet Chess Club"]
[Date "2008.08.08"]
[Round "3"]
[White "MRX"]
[Black "Fezzik"]
[Result "1-0"]
[WhiteElo "1948"]
[BlackElo "1951"]
[Opening "Queen's pawn game"]
[ECO "D04"]
[Time "19:08:27"]
[TimeControl "2700+45"]

1. d4 d5 2. Nf3 Nf6 3. e3 g6 4. c4 c6 5. Nc3 Bg7 6. cxd5 cxd5 7. Bb5+ Bd7 8. Qb3
Bxb5 9. Qxb5+ Qd7 10. Ne5 Qxb5 11. Nxb5 Na6 12. Bd2 Ne4 13. f3 Nxd2 14. Kxd2 f6
15. Nd3 Kd7 16. Rac1 Rhc8 17. Rxc8 Kxc8 18. Rc1+ Kd7 19. f4 b6 20. a3 Bf8 21.
Nb4 Nxb4 22. axb4 Rc8 23. Nxa7 Rxc1 24. Kxc1 e6 25. b5 Kd6 26. Nc6 Bg7 27. Kc2
e5 28. fxe5+ fxe5 29. Nxe5 Bxe5 30. dxe5+ Kxe5 31. Kd3 h6 32. b4 Ke6 33. Kd4 Kd6
34. g4 Ke6 35. h4 Kd6 36. h5 gxh5 37. gxh5 Ke6 38. e4 dxe4 39. Kxe4 Kf6 40. Kd5
{Black resigns} 1-0

[Event "Team 45 45 League T38"]
[Site "Internet Chess Club"]
[Date "2008.08.08"]
[Round "3"]
[White "DeepStudy"]
[Black "DavidAbran"]
[Result "1-0"]
[WhiteElo "2126"]
[BlackElo "1874"]
[Opening "King's Indian: fianchetto without c4"]
[ECO "A49"]
[Time "11:00:45"]
[TimeControl "2700+45"]

1. Nf3 Nf6 2. d4 g6 3. g3 Bg7 4. Bg2 d5 5. O-O O-O 6. Nbd2 Nc6 7. h3 Ne4 8. c3
e5 9. Nxe4 dxe4 10. Nxe5 Nxe5 11. dxe5 Qe7 12. Qa4 Bd7 13. Qxe4 Bc6 14. Qe3 Bxg2
15. Kxg2 Bxe5 16. f4 Bf6 17. Qxe7 Bxe7 18. e4 Rad8 19. Be3 Rd3 20. Kf2 Rfd8 21.
Ke2 b6 22. Rad1 Rxd1 23. Rxd1 Rxd1 24. Kxd1 c5 25. Ke2 Kf8 26. Kd3 Ke8 27. Kc4
a6 28. a4 Kd7 29. Kd5 Bf8 30. a5 Kc7 31. axb6+ Kxb6 32. b4 Kb5 33. bxc5 Be7 34.
c4+ Kb4 35. Bd2+ Ka4 36. c6 Bd8 37. Kd6 Kb3 38. Kd7 Bb6 39. c5 {Black resigns}
1-0